 Dungeon Crawl Stone Soup version 0.28.0 (webtiles) character file.

Game seed: 5141792258490633273

84267 mandarbmax the Frost Mage (level 15, -9/144 HPs)
             Began as a Naga Summoner on Feb 11, 2022.
             Was the Champion of Cheibriados.
             Mangled by a vault guard (17 damage)
             ... on level 13 of the Dungeon.
             The game lasted 01:51:05 (35331 turns).

mandarbmax the Frost Mage (Naga Summoner)          Turns: 35331, Time: 01:51:06

Health: -9/144     AC: 27    Str: 25    XL:     15   Next: 79%
Magic:  2/27       EV: 12    Int: 37    God:    Cheibriados [******]
Gold:   100        SH:  5    Dex: 28    Spells: 3/30 levels left

rFire   . . .      SeeInvis +   F - +0 staff of Battle
rCold   + . .      Faith    +   G - +0 buckler
rNeg    . . .      Spirit   .   Q - +0 fire dragon scales
rPois   +          Reflect  .   k - +2 helmet
rElec   .          Harm     .   Z - +2 cloak {rCorr}
rCorr   +          Rampage  .   s - +2 pair of gloves
Will    +....                   J - +0 barding
Stlth   +.........              L - amulet of faith
HPRegen 0.34/turn               h - ring of ice
MPRegen 0.20/turn               a - ring of ice

@: about to teleport, unable to drink, very slightly contaminated, very slow
A: AC +5, large, see invisible, deformed body, poison resistance, slowness 2,
spit poison 1, naga tail 2
a: Spit Poison, Renounce Religion, Bend Time, Temporal Distortion, Slouch, Step
From Time


You were on level 13 of the Dungeon.
You worshipped Cheibriados.
Cheibriados was exalted by your worship.
You visited 4 branches of the dungeon, and saw 22 of its levels.
You also visited: Ossuary and Ice Cave.

You collected 2009 gold pieces.
You spent 1909 gold pieces at shops.

Inventory:

Hand Weapons
 F - the +0 staff of Battle (weapon)
   (You acquired it on level 6 of the Lair of Beasts)

   It enhances your conjuration magic.
   It summons a battlesphere in combat, with strength depending on Conjurations
   skill.
   Its strikes trigger the battlesphere's blasts.
Missiles
 q - 4 throwing nets
 u - 2 atropa-tipped darts
 I - 12 poisoned darts
 N - 10 curare-tipped darts
Armour
 k - a +2 helmet (worn)
 s - a +2 pair of gloves (worn)
 G - a +0 buckler (worn)
 J - a +0 barding (worn)
 Q - +0 fire dragon scales (worn)
 Z - a +2 cloak of preservation (worn)
Jewellery
 a - a ring of ice (right hand)
 h - a ring of ice (left hand)
 m - a +6 ring of dexterity
 v - a ring of protection from fire
 L - an amulet of faith (around neck)
Wands
 p - a wand of polymorph (16)
 M - a wand of flame (38)
 P - a wand of iceblast (10)
 R - a wand of acid (3)
 U - a wand of mindburst (11)
 Y - a wand of paralysis (3)
Scrolls
 b - 4 scrolls of teleportation
 c - 6 scrolls of identify
 d - 4 scrolls of brand weapon
 f - a scroll of magic mapping
 g - 3 scrolls of enchant weapon
 j - 2 scrolls of enchant armour
 l - 2 scrolls of immolation
 n - 4 scrolls of amnesia
 r - a scroll of silence
 t - 2 scrolls of torment
 x - 3 scrolls of fog
 y - 3 scrolls of vulnerability
 V - a scroll of fear
Potions
 e - 6 potions of lignification
 i - 2 potions of brilliance
 o - 3 potions of heal wounds
 w - 2 potions of berserk rage
 z - 4 potions of invisibility
 A - 4 potions of ambrosia
 B - 3 potions of magic
 C - 6 potions of mutation
 D - 3 potions of cancellation
 E - 4 potions of attraction
 K - 2 potions of flight
 O - 2 potions of might
 W - 5 potions of curing
 X - a potion of resistance
Miscellaneous
 S - a phial of floods


   Skills:
 - Level 12.0 Fighting
 + Level 5.9 Staves
 - Level 8.0 Armour
 - Level 8.0 Dodging
 - Level 3.0 Stealth
 - Level 8.0 Spellcasting
 + Level 2.8 Conjurations
 - Level 2.0 Hexes
 - Level 8.0 Summonings
 - Level 12.0 Ice Magic
 + Level 4.3 Air Magic
 - Level 8.0 Invocations
 - Level 10.0 Evocations


You had 3 spell levels left.
You knew the following spells:

 Your Spells              Type           Power      Damage    Failure   Level
a - Summon Lightning Spi  Summ/Air       57%        N/A       7%          4
b - Call Imp              Summ           65%        N/A       1%          2
c - Call Canine Familiar  Summ           65%        N/A       1%          3
d - Summon Guardian Gole  Hex/Summ       51%        N/A       3%          3
e - Ozocubu's Armour      Ice            100%       N/A       1%          3
f - Ozocubu's Refrigerat  Ice            62%        4d17      45%         7
g - Lightning Bolt        Conj/Air       29%        1d45      47%         5

Your spell library contained the following spells:

 Spells                   Type           Power      Damage    Failure   Level
 Summon Small Mammal      Summ           100%       N/A       1%          1
 Static Discharge         Conj/Air       58%        N/A       3%          2
 Corpse Rot               Necr/Air       60%        N/A       5%          2
 Poisonous Vapours        Pois/Air       60%        N/A       5%          2
 Animate Skeleton         Necr           28%        N/A       9%          1
 Apportation              Tloc           28%        N/A       9%          1
 Portal Projectile        Hex/Tloc       44%        N/A       17%         3
 Silence                  Hex/Air        19%        N/A       54%         5
 Fireball                 Conj/Fire      19%        3d9       78%         5
 Blade Hands              Tmut           7%         N/A       93%         5
 Excruciating Wounds      Necr           7%         N/A       93%         5
 Conjure Ball Lightning   Conj/Air       29%        3x3d8     96%         6
 Starburst                Conj/Fire      19%        6d7       100%        6
 Discord                  Hex            14%        N/A       100%        8
 Disjunction              Tloc           7%         N/A       100%        8
 Ignition                 Fire           7%         3d4       100%        8
 Maxwell's Capacitive Co  Air            23%        ∞         100%        8
 Chain Lightning          Conj/Air       29%        3d38      100%        9


Dungeon Overview and Level Annotations

Branches:
Dungeon (13/15)            Temple (1/1) D:5            Lair (6/6) D:9
  Swamp (0/4) Lair:3        Snake (0/4) Lair:4        Slime (0/5) Lair:5
    Orc (2/2) D:9             Elf (0/3) Orc:2       Ossuary (visited)
  IceCv (visited)
 Vaults: D:13-14

Altars:
Ashenzari
Cheibriados
Dithmenos
Elyvilon
Fedhas
Gozag
Hepliaklqana
Kikubaaqudgha
Makhleb
Nemelex Xobeh
Okawaru
Qazlal
Ru
Sif Muna
Trog
Uskayaw
Vehumet
Wu Jian
Xom
Yredelemnul
Zin
The Shining One
Beogh

Shops:
D:4 [   D:7 [   Orc:2 *:[

Annotations:
Lair:4 3 runed translucent doors, browni3141's ghost, journeyman MiBe; robertstho's ghost, journeyman GnFE


Innate Abilities, Weirdness & Mutations

Your serpentine skin is tough. (AC +5)
You have supernaturally acute eyesight. (SInv)
Armour fits poorly on your strangely shaped body.
Your system is resistant to poisons. (rPois)
You cover ground very slowly.
You can spit poison.
You can use your snake-like lower body to constrict enemies.


Message History

The vault guard is almost dead.
You constrict the vault guard.
Your lightning spire shoots out a bolt of lightning at the vault guard!
The bolt of electricity hits the vault guard!
The vault guard dies!
Cheibriados thoroughly appreciates the change of pace.
Your battlesphere fires!
The barrage of energy hits the vault guard.
The vault guard is heavily wounded.
The vault guard hits you with a +1 great sword!
You hit the vault guard. Your grab misses the vault guard.
The vault guard is heavily wounded.
Your battlesphere fires!
The barrage of energy hits the vault guard!
The vault guard is severely wounded.
The vault guard hits you with a +1 great sword.
Unknown command.
You closely miss the vault guard. Your grab misses the vault guard.
The vault guard is severely wounded.
The vault guard hits you with a +0 great mace!!
* * * LOW HITPOINT WARNING * * *
The vault guard closely misses you.
Unknown command.
Okay, then.
Okay, then.
As you read the scroll of teleportation, it crumbles to dust.
You feel strangely unstable.
The vault guard hits you with a +0 great mace!
* * * LOW HITPOINT WARNING * * *
The vault guard hits you with a +1 great sword!
* * * LOW HITPOINT WARNING * * *
Unknown command.
You cannot drink potions in your current state!
Unknown command.
As you read the scroll of fear, it crumbles to dust.
You assume a fearsome visage.
The vault guard easily resists. x2
The vault guard hits you with a +0 great mace.
* * * LOW HITPOINT WARNING * * *
The vault guard hits you with a +1 great sword!
You die...

### ##.## #...# ##...#### ## #
### #....##.###.##.#
#.#####.....#.#.8*.#.##
..##..#..........)....# ##
........####..#.@)...## #.#
.......## ######pp##..## #..###
...#....###.####.####..##.....
.####..###...........^.#.##.##.
####...##......................
##....####...................?.
##.#### #.........#......○.....
...######........##....(.*.....
....)##...............)$p..[..#


You could see 2 vault guards, a friendly lightning spire (summoned) and a
friendly battlesphere.

Vanquished Creatures
  Josephine (D:12)
  A boulder beetle (D:12)
  3 hydras
  4 vault guards (D:13)
  2 death yaks (Lair:2)
  A two-headed ogre (D:13)
  A tengu warrior (D:13)
  Urug (Lair:2)
  2 orc high priests (Orc:2)
  2 lindwurms
  A wolf spider (Lair:6)
  A deep elf pyromancer (D:11)
  A moth of wrath (D:8)
  3 orc sorcerers (Orc:2)
  A manticore (D:12)
  A cyclops (Orc:2)
  11 black mambas
  A centaur zombie (D:11)
  Maurice (Orc:1)
  An elephant (Lair:6)
  A guardian serpent (Lair:6)
  A gargoyle (D:13)
  A torpor snail (Lair:4)
  15 cane toads
  A rime drake (Lair:3)
  10 komodo dragons
  2 nameless horrors
  A kobold demonologist (D:11)
  An anaconda simulacrum (IceCv)
  5 trolls
  A tengu conjurer (D:13)
  2 ice devils (IceCv)
  2 polar bears
  A hornet (Lair:6)
  Grinder (D:4)
  2 slime creatures (D:12)
  3 dream sheep (Lair:4)
  11 blink frogs
  A shadow (D:5)
  6 wyverns
  A vampire (D:12)
  38 yaks
  2 wraiths (D:12)
  A death yak simulacrum (IceCv)
  A redback (Lair:6)
  4 vampire mosquitoes
  The ghost of Jase the Poker, an amateur DsGl (D:3)
  2 wargs
  22 water moccasins
  8 orc warriors (Orc:2)
  A black bear (Lair:3)
  5 ogres
  13 wolves
  4 centaurs (Lair:5)
  A kobold brigand (D:3)
  14 bullfrogs
  A two-headed ogre simulacrum (IceCv)
  2 killer bees (D:9)
  An electric eel (Lair:2)
  12 orc priests (Orc:2)
  An iguana (D:5)
  18 orc wizards
  4 hell rats (Lair:6)
  Natasha (D:4)
  A polar bear simulacrum (IceCv)
  A mummy (Ossuary)
  3 gnolls
  An adder (D:2)
  A naga simulacrum (IceCv)
  4 white imps (Lair:5)
  An ufetubus (IceCv)
  3 dart slugs
  20 orcs
  5 ball pythons
  A bat (D:2)
  3 endoplasms
  A giant cockroach (D:2)
  5 goblins
  4 hobgoblins
  A jackal (D:5)
  12 kobolds
  2 quokkas
  3 frilled lizards
  2 gnoll skeletons (Ossuary)
  2 orc skeletons (Ossuary)
  2 rats (D:1)
344 creatures vanquished.

Vanquished Creatures (collateral kills)
  A reaper (IceCv)
  A boulder beetle (Lair:5)
  3 hydras (D:12)
  Fannar (D:10)
  A centaur warrior (D:13)
  2 vault guards (D:13)
  2 two-headed ogres (D:10)
  A death knight (D:12)
  2 death yaks
  3 lindwurms (D:8)
  An orc sorcerer (Orc:2)
  An ugly thing (D:12)
  2 cyclopes
  An ice statue (IceCv)
  4 elephants (Lair:6)
  A gargoyle (D:13)
  A cane toad (Lair:1)
  A nameless horror (D:11)
  A kobold demonologist (D:11)
  4 ice devils (IceCv)
  4 komodo dragons
  Psyche (D:8)
  A rime drake (Lair:1)
  A troll (D:11)
  A hornet (Lair:6)
  A blink frog (Lair:3)
  3 slime creatures (D:12)
  5 wraiths
  6 wyverns
  16 yaks
  A basilisk (Lair:6)
  A redback (shapeshifter) (D:13)
  A vampire mosquito (D:11)
  2 death yak simulacra (IceCv)
  A warg (Orc:1)
  4 acid dragons
  3 water moccasins
  An ice beast (D:6)
  A black bear (D:6)
  3 orc warriors
  A centaur (D:13)
  2 necrophages
  3 wolves (Lair:1)
  2 kobold brigands (D:7)
  2 bullfrogs
  A gnoll sergeant (D:11)
  A two-headed ogre simulacrum (IceCv)
  A wyvern zombie (D:7)
  A scorpion (D:6)
  A cane toad simulacrum (IceCv)
  7 wights
  4 killer bees (D:9)
  2 elephant simulacra (IceCv)
  2 howler monkeys
  2 centaur zombies (D:8)
  2 gnoll shamans
  2 orc priests
  3 hounds
  4 jellies
  A bullfrog zombie (D:5)
  An iguana (D:5)
  Natasha (D:4)
  12 orc wizards
  3 spriggan simulacra (IceCv)
  A hell rat (Lair:6)
  A troll simulacrum (IceCv)
  2 killer bee zombies
  A mummy (D:6)
  A howler monkey zombie (D:4)
  11 gnolls
  4 adders
  2 naga simulacra (IceCv)
  10 white imps
  2 ufetubi (IceCv)
  An adder zombie (D:5)
  An adder skeleton (D:4)
  3 worms
  24 orcs
  A ball python (D:4)
  6 endoplasms
  2 giant cockroaches (D:2)
  5 hobgoblins
  5 jackals (D:5)
  17 kobolds
  A quokka (D:1)
  3 bats
  4 frilled lizards
  3 gnoll skeletons (Ossuary)
  2 goblins
  A goblin zombie (D:6)
  12 kobold skeletons (Ossuary)
  A kobold zombie (D:6)
  6 orc skeletons (Ossuary)
  5 rats
290 creatures vanquished.

Vanquished Creatures (others)
  7 death yaks
  3 two-headed ogres (D:11)
  Pikel (D:7)
  A manticore (D:12)
  An elephant (Lair:6)
  An ice statue (IceCv)
  A cane toad (Lair:2)
  A komodo dragon (D:12)
  An entropy weaver simulacrum (IceCv)
  A troll (D:11)
  2 slime creatures (D:12)
  A wyvern (Lair:6)
  7 yaks
  2 wraiths
  An orc warrior (D:9)
  An ice beast (D:8)
  An ogre (D:4)
  2 centaurs
  A lemure (D:7)
  A bullfrog (D:7)
  A kobold brigand (D:8)
  A cane toad simulacrum (IceCv)
  A gnoll sergeant (D:11)
  A howler monkey (D:9)
  An iguana (D:4)
  Natasha (D:4)
  3 gnolls
  A white imp (IceCv)
  2 orcs (D:9)
  A hobgoblin (D:4)
  62 fungi
  135 plants
  4 withered plants (Lair:4)
251 creatures vanquished.

Grand Total: 885 creatures vanquished

Notes
Turn   | Place    | Note
-------+----------+-------------------------------------------
     0 | D:1      | mandarbmax the Naga Summoner began the quest for the Orb.
     0 | D:1      | Reached XP level 1. HP: 15/15 MP: 3/3
    63 | D:1      | Reached XP level 2. HP: 14/22 MP: 1/5
   206 | D:1      | Learned a level 2 spell: Call Imp
   838 | D:1      | Reached XP level 3. HP: 28/28 MP: 1/6
  1007 | D:1      | Learned a level 3 spell: Call Canine Familiar
  1275 | D:2      | Reached skill level 5 in Summonings
  1777 | D:2      | Reached XP level 4. HP: 31/36 MP: 3/7
  2538 | D:3      | Reached XP level 5. HP: 42/42 MP: 2/8
  3017 | D:3      | Found a runed translucent gate.
  3022 | D:3      | Learned a level 3 spell: Summon Guardian Golem
  3022 | D:3      | Found a runed translucent gate.
  3022 | D:3      | Noticed Jase's ghost (amateur DsGl)
  3024 | D:3      | Found a runed translucent gate.
  3025 | D:3      | Noticed a kobold brigand
  3026 | D:3      | Found a faded altar of an unknown god.
  3476 | D:4      | Noticed Grinder
  3491 | D:4      | Paralysed by Grinder for 6 turns
  3513 | D:4      | Killed Grinder
  3514 | D:4      | Reached XP level 6. HP: 27/49 MP: 2/10
  3704 | D:4      | Found a blossoming altar of Fedhas.
  3802 | D:4      | Noticed Natasha
  3818 | D:4      | Killed Natasha
  3971 | D:4      | Found Kato's Antique Armour Boutique.
  3974 | D:4      | Noticed Natasha
  3982 | D:4      | Reached XP level 7. HP: 55/55 MP: 0/11
  3983 | D:4      | Killed Natasha
  4119 | D:4      | Noticed Natasha
  4132 | D:4      | Killed Natasha
  4173 | D:4      | Reached skill level 1 in Fighting
  4184 | D:4      | Found a hazy altar of Hepliaklqana.
  4739 | D:5      | Entered Level 5 of the Dungeon
  5095 | D:5      | Found a staircase to the Ecumenical Temple.
  5108 | Temple   | Entered the Ecumenical Temple
  5248 | Temple   | Became a worshipper of Cheibriados the Contemplative
  5758 | D:5      | Noticed a shadow
  5776 | D:5      | Reached XP level 8. HP: 65/69 MP: 2/12
  5779 | D:5      | Killed a shadow
  6700 | D:6      | Learned a level 4 spell: Summon Lightning Spire
  6722 | D:6      | Reached * piety under Cheibriados
  6767 | D:6      | Reached skill level 5 in Fighting
  6799 | D:6      | Reached skill level 1 in Air Magic
  6948 | D:6      | Found a sand-covered staircase.
  6957 | Ossuary  | Entered an ossuary
  6957 | Ossuary  | Noticed a wraith
  6957 | Ossuary  | Noticed a wraith
  6957 | Ossuary  | Noticed a wraith
  7023 | Ossuary  | Reached ** piety under Cheibriados
  7119 | Ossuary  | Noticed a wraith
  7131 | Ossuary  | Killed a wraith
  7132 | Ossuary  | Reached skill level 5 in Spellcasting
  7132 | Ossuary  | Reached XP level 9. HP: 80/81 MP: 6/16
  7157 | Ossuary  | Learned a level 3 spell: Ozocubu's Armour
  8238 | D:7      | Found a sparkling altar of Nemelex Xobeh.
  8251 | D:7      | Reached *** piety under Cheibriados
  8491 | D:7      | Noticed Pikel
  8515 | D:7      | Killed Pikel
  8516 | D:7      | Reached skill level 5 in Dodging
  9139 | D:7      | Found Qopuecro's Antique Armour Emporium.
  9193 | D:7      | Bought a glowing orb for 264 gold pieces
  9487 | D:8      | Reached **** piety under Cheibriados
  9590 | D:8      | Noticed Psyche
  9624 | D:8      | Killed Psyche
  9625 | D:8      | Reached skill level 1 in Ice Magic
  9625 | D:8      | Reached XP level 10. HP: 94/94 MP: 5/17
 10113 | D:8      | Noticed a lindwurm
 10143 | D:8      | Noticed a lindwurm
 10147 | D:8      | Noticed a lindwurm
 10150 | D:8      | Noticed a lindwurm
 10169 | D:8      | Killed a lindwurm
 10892 | D:8      | Killed a lindwurm
 10992 | D:8      | Killed a lindwurm
 10993 | D:8      | Reached skill level 5 in Ice Magic
 11399 | D:8      | Noticed a moth of wrath
 11399 | D:8      | a lindwurm changed into a moth of wrath
 11405 | D:8      | Killed a moth of wrath
 11406 | D:8      | Reached skill level 5 in Invocations
 12089 | D:9      | Found a staircase to the Orcish Mines.
 12162 | D:9      | Reached XP level 11. HP: 100/100 MP: 8/18
 12353 | D:9      | Reached ***** piety under Cheibriados
 12548 | D:9      | Found a white marble altar of Elyvilon.
 12584 | D:9      | Found a staircase to the Lair.
 13165 | D:9      | Noticed a nameless horror
 13174 | D:9      | Reached skill level 1 in Armour
 13176 | D:9      | Killed a nameless horror
 13561 | D:9      | Found a bloodstained altar of Trog.
 13561 | D:9      | Found an ornate altar of the Wu Jian Council.
 13627 | D:10     | Entered Level 10 of the Dungeon
 13696 | D:10     | Noticed a two-headed ogre
 13704 | D:10     | Killed a two-headed ogre
 13736 | D:10     | Noticed a two-headed ogre
 13742 | D:10     | Killed a two-headed ogre
 14031 | D:10     | Noticed Fannar
 14043 | D:10     | Killed Fannar
 15143 | D:11     | Noticed a two-headed ogre
 15147 | D:11     | Killed a two-headed ogre
 15147 | D:11     | Noticed a two-headed ogre
 15149 | D:11     | Noticed a cyclops
 15155 | D:11     | Killed a two-headed ogre
 15250 | D:11     | Noticed a two-headed ogre
 15259 | D:11     | Killed a two-headed ogre
 15494 | D:11     | Reached skill level 5 in Armour
 15499 | D:11     | Reached XP level 12. HP: 116/116 MP: 0/19
 15686 | D:11     | Noticed a soul eater
 15726 | D:11     | Reached skill level 10 in Fighting
 16771 | D:12     | Noticed a seven-headed hydra
 16778 | D:12     | Killed a seven-headed hydra
 16982 | Lair:1   | Entered Level 1 of the Lair of Beasts
 17093 | D:4      | Bought a glowing cloak for 247 gold pieces
 17346 | D:12     | Noticed a four-headed hydra
 17558 | D:12     | Killed a four-headed hydra
 17562 | D:12     | Reached ****** piety under Cheibriados
 17768 | D:12     | Noticed a four-headed hydra
 17782 | D:12     | Killed a four-headed hydra
 18054 | D:12     | Noticed Josephine
 18068 | D:12     | Killed Josephine
 18579 | D:12     | Gained mutation: You can use your snake-like lower body to
                  | constrict enemies. [Naga growth]
 18579 | D:12     | Reached XP level 13. HP: 123/123 MP: 7/20
 18700 | D:12     | Reached skill level 10 in Ice Magic
 19323 | D:12     | Learned a level 7 spell: Ozocubu's Refrigeration
 22626 | Lair:2   | Noticed Urug
 22639 | Lair:2   | Killed Urug
 23675 | Lair:3   | Found a staircase to the Swamp.
 24428 | Lair:3   | Reached XP level 14. HP: 89/133 MP: 1/24
 25620 | Lair:4   | Found a staircase to the Snake Pit.
 25989 | Lair:4   | Found a runed translucent gate.
 25990 | Lair:4   | Found a runed translucent gate.
 25992 | Lair:4   | Found a runed translucent gate.
 25994 | Lair:4   | Noticed robertstho's ghost (journeyman GnFE)
 25994 | Lair:4   | Noticed browni3141's ghost (journeyman MiBe)
 26003 | Lair:4   | Identified the +2 hand axe of Ashenzari's Respect {freeze,
                  | SInv}
 26854 | D:3      | Killed Jase's ghost
 27201 | Lair:5   | Found a frozen archway.
 27222 | IceCv    | Entered an ice cave
 27776 | IceCv    | Noticed a reaper
 27928 | IceCv    | Killed a reaper
 28893 | Lair:5   | Reached skill level 1 in Evocations
 29010 | Lair:5   | Found a staircase to the Slime Pits.
 29353 | Lair:5   | Found an iron altar of Okawaru.
 29834 | Lair:6   | Entered Level 6 of the Lair of Beasts
 29991 | Lair:6   | Reached skill level 5 in Evocations
 30562 | Lair:6   | Identified the +1 scale mail of Cutt {Int+3}
 30714 | Lair:6   | Reached XP level 15. HP: 107/140 MP: 9/27
 32078 | Lair:6   | Identified a scroll of acquirement
 32079 | Lair:6   | Acquired the +0 staff of Battle
 32079 | Lair:6   | Found the +0 staff of Battle
 32279 | Orc:1    | Entered Level 1 of the Orcish Mines
 32279 | Orc:1    | Noticed Maurice
 32288 | Orc:1    | Reached skill level 10 in Evocations
 32288 | Orc:1    | Killed Maurice
 32289 | Orc:1    | Reached skill level 1 in Staves
 32793 | Orc:2    | Entered Level 2 of the Orcish Mines
 33690 | Orc:2    | Found a staircase to the Elven Halls.
 33955 | Orc:2    | Found Diloc's Weapon Shop.
 33970 | Orc:2    | Found Fokliash's Book Boutique.
 33971 | Orc:2    | Found Ydanuj's General Store.
 33975 | Orc:2    | Found Ciotaxuq's Antique Armour Shop.
 34124 | Orc:2    | Bought a book of Vapours for 168 gold pieces
 34125 | Orc:2    | Bought a book of Lightning for 540 gold pieces
 34125 | Orc:2    | Bought the Almanac of Air for 690 gold pieces
 34131 | Orc:2    | Learned a level 5 spell: Lightning Bolt
 34284 | D:13     | Reached skill level 5 in Staves
 34446 | D:13     | Reached skill level 1 in Conjurations
 35331 | D:13     | Mangled by a vault guard

Illustrated notes

Levels and vault maps discovered:
D:1:      shiori_arrival_maze, layout_rooms
D:2:      layout_rooms, kennysheep_generic_room_8
D:3:      layout_rooms, gammafunk_ghost_nasty_kobolds,
          ebering_ecumenical_altar_hall
D:4:      layout_basic, nicolae_hepliaklqana_hazy_memory,
          fedhas_altar_fruit_tree, serial_shops, nicolae_square_shop,
          uniq_natasha, uniq_grinder
D:5:      layout_loops_ring, minmay_temple_entry_arrows,
          kennysheep_generic_room_6
D:6:      layout_basic, nicolae_ossuary_entry_giza
D:7:      layout_rooms, mainiacjoe_overflow_small_starburst, serial_shops,
          nicolae_shop_statue_plus, uniq_pikel
D:8:      layout_loops_ring, minmay_lindwurm_lava, uniq_psyche
D:9:      layout_cave_pods, lemuel_coloured_pillars_altar,
          gammafunk_temple_overflow_wave, lair_entry_dummy, orc_0_dummy
D:10:     layout_basic, grunt_decor_clamped, uniq_fannar
D:11:     layout_basic, minmay_circle_x
D:12:     layout_roguey, uniq_josephine
D:13:     layout_cave_pools, erik_vaults_2, evilmike_butchery
Temple:   kb_temple_of_zot
Lair:1:   layout_chaotic_city
Lair:2:   layout_cave_pods, ldierk_geyser, serial_bayou_shore_a,
          infiniplex_staircase_pool, grunt_megastairs_3, uniq_urug
Lair:3:   layout_loops_ring, minmay_swamp_entry_swarm
Lair:4:   layout_concentric_octagons, minmay_snake_entry_six_corridors,
          gammafunk_ghost_cemetery
Lair:5:   layout_concentric_octagons, minmay_slime_entry_oklob_open,
          portal_ice_cave_entry_imps, lemuel_centaur_altar
Lair:6:   hangedman_lair_tendril_chambers, layout_cave_shapes,
          grunt_forest_small_clearing_treed
Orc:1:    layout_diamond_mine, basic_altar, uniq_maurice
Orc:2:    st_orc_mages, layout_caves, special_room, mines2_lemuel

Skill      XL: |  1  2  3  4  5  6  7  8  9 10 11 12 13 14 15 |
---------------+----------------------------------------------+-----
Dodging        | 2 3 6 8 |  8.0
Summonings     | 5 6 7 8 |  8.0
Spellcasting   | 3 5 7 8 |  8.0
Hexes          | 2 |  2.0
Fighting       | 3 5 7 9 10 12 | 12.0
Air Magic      | 3 4 |  4.3
Ice Magic      | 1 6 9 12 | 12.0
Invocations    | 7 8 |  8.0
Armour         | 5 8 |  8.0
Evocations     | 7 10 | 10.0
Staves         | 5 |  5.9
Conjurations   | 2 |  2.8
Stealth        | |  3.0

Action                   |  1- 3 |  4- 6 |  7- 9 | 10-12 | 13-15 || total
-------------------------+-------+-------+-------+-------+-------++-------
Melee: Unarmed           |     6 |       |       |       |       ||     6
       Short sword       |    44 |       |       |       |       ||    44
       Dagger            |       |    25 |    73 |       |       ||    98
       Punch             |       |     1 |     4 |     4 |     1 ||    10
       Whip              |       |       |     9 |   141 |   298 ||   448
       Constrict         |       |       |       |       |   147 ||   147
       Staff             |       |       |       |       |   165 ||   165
 Cast: Summon Small Mamm |    26 |    10 |     7 |       |       ||    43
       Call Imp          |    14 |    14 |    30 |    34 |    27 ||   119
       Call Canine Famil |     6 |    17 |    32 |    35 |    36 ||   126
       Summon Guardian G |       |     4 |    41 |    48 |    37 ||   130
       Summon Lightning  |       |       |    31 |    69 |    69 ||   169
       Ozocubu's Armour  |       |       |     2 |     7 |    10 ||    19
       Ozocubu's Refrige |       |       |       |       |    82 ||    82
       Lightning Bolt    |       |       |       |       |     4 ||     4
Invok: Bend Time         |       |       |       |       |     1 ||     1
 Abil: Spit Poison       |    16 |    12 |    10 |    10 |    27 ||    75
Evoke: Wand              |       |     1 |       |    10 |     1 ||    12
       Phial of floods   |       |       |       |     1 |       ||     1
  Use: Scroll            |       |     7 |     6 |    19 |    13 ||    45
       Potion            |       |       |     1 |     3 |     3 ||     7
 Stab: Sleeping          |       |     3 |     1 |       |     2 ||     6
       Distracted        |       |       |       |     6 |     8 ||    14
Armor: Robe              |    11 |     7 |    40 |    26 |    99 ||   183
       Skin              |       |     5 |     2 |       |       ||     7
       Chain mail        |       |       |       |   120 |       ||   120
       Scale mail        |       |       |       |       |    50 ||    50
       Fire dragon scale |       |       |       |       |   117 ||   117
Dodge: Dodged            |    35 |    18 |    89 |   137 |   428 ||   707
Block: Buckler           |       |       |       |       |   164 ||   164
